 Dungeon Crawl Stone Soup version 0.30-a0-394-g3e4acdb0ae (webtiles) character file.

Game seed: 9274555668452521741

1268 p00ps00p the Chopper (level 8, -2/73 HPs)
             Began as a Hill Orc Fighter on Dec 6, 2022.
             Slain by an orc warrior
             ... wielding a +2 halberd of freezing
              (13 damage)
             ... on level 6 of the Dungeon.
             The game lasted 00:08:10 (4387 turns).

p00ps00p the Chopper (Hill Orc Fighter)             Turns: 4387, Time: 00:08:11

Health: -2/73      AC: 14    Str: 21    XL:     8   Next: 53%
Magic:  8/8        EV:  7    Int:  8    God:
Gold:   286        SH:  6    Dex: 10    Spells: 7/7 levels left

rFire   . . .      SeeInvis .    d - +1 hand axe (flame)
rCold   . . .      Faith    .    c - +1 buckler
rNeg    . . .      Spirit   .    t - +0 chain mail
rPois   +          Reflect  .    s - +0 helmet
rElec   .          Harm     .    k - +0 cloak {rPois}
rCorr   .          Rampage  .    (no gloves)
Will    +....                    l - +0 pair of boots {Stlth+}
Stlth   ..........               b - amulet of the acrobat
HPRegen 0.32/turn                f - ring of willpower
MPRegen 0.11/turn                j - ring of flight

@: flying
A: no striking features
a: no special abilities


You were on level 6 of the Dungeon.
You visited 1 branch of the dungeon, and saw 6 of its levels.

You collected 286 gold pieces.

Inventory:

Hand Weapons
 a - a +0 war axe
 d - a +1 hand axe of flaming (weapon)
Missiles
 o - 5 boomerangs (quivered)
Armour
 c - a +1 buckler (worn)
 k - a +0 cloak of poison resistance (worn)
 l - a +0 pair of boots of stealth (worn)
 s - a +0 helmet (worn)
 t - a +0 chain mail (worn)
Jewellery
 b - an amulet of the acrobat (around neck)
 f - a ring of willpower (left hand)
 j - a ring of flight (right hand)
Scrolls
 e - 2 scrolls of poison
 g - 2 scrolls of teleportation
Potions
 h - a potion of curing {unknown}
 i - 3 potions of haste {unknown}
 m - 2 potions of degeneration {unknown}
 n - a potion of brilliance {unknown}
 p - a potion of resistance {unknown}
 q - a potion of mutation {unknown}
Miscellaneous
 u - a box of beasts


   Skills:
 + Level 7.0 Fighting
 + Level 7.0 Axes
 + Level 6.4 Armour
 + Level 6.3 Shields


You had 7 spell levels left.
You didn't know any spells.
Your spell library contained the following spells:

 Spells                   Type           Power      Damage    Failure   Level
 Apportation              Tloc           0%         N/A       99%         1
 Freeze                   Ice            0%         1d3       99%         1
 Necrotise                Necr           0%         1d4       99%         1
 Summon Small Mammal      Summ           0%         N/A       99%         1
 Frozen Ramparts          Ice            0%         1d1       100%        3
 Hailstorm                Conj/Ice       0%         3d3       100%        3
 Alistair's Intoxication  Tmut/Pois      0%         N/A       100%        5


Dungeon Overview and Level Annotations

Branches:
Dungeon (6/15)
 Temple: D:4-7

Altars:
Dithmenos
Qazlal
Ru

Shops:
D:2 [


Message History

You are too injured to fight recklessly!
You are too injured to fight recklessly!
You are too injured to fight recklessly!
You are too injured to fight recklessly!
You are too injured to fight recklessly!
You are too injured to fight recklessly!
You are too injured to fight recklessly!
You are too injured to fight recklessly!
You are too injured to fight recklessly!
You are too injured to fight recklessly!
You are too injured to fight recklessly!
You are too injured to fight recklessly!
You are too injured to fight recklessly!
You are too injured to fight recklessly!
You are too injured to fight recklessly!
You are too injured to fight recklessly!
You are too injured to fight recklessly!
You are too injured to fight recklessly!
You are too injured to fight recklessly!
Unknown command.
You are too injured to fight recklessly!
Unknown command.
You are too injured to fight recklessly!
You hit the orc warrior but do no damage.
The orc warrior is heavily wounded.
The orc warrior hits you with a +2 halberd of freezing.
The orc warrior freezes you.
You closely miss the orc warrior.
The orc warrior is heavily wounded.
The orc warrior hits you with a +2 halberd of freezing!
* * * LOW HITPOINT WARNING * * *
The orc warrior freezes you.
* * * LOW HITPOINT WARNING * * *
You hit the orc warrior. You burn the orc warrior.
The orc warrior is severely wounded.
You block the orc warrior's attack.
You barely miss the orc warrior.
The orc warrior is severely wounded.
The orc warrior hits you with a +2 halberd of freezing!
You die...

## .. ### .#
##.##.####
####........#
+.....<..#
####.)...#
#..@#..#
#..o...#
#...#.##
##.##... #.
#### #. #. #.


You could see an orc warrior.

Vanquished Creatures
  Eustachio (D:4)
  Menkaure (D:5)
  An ice beast (D:5)
  A black bear (D:5)
  An ogre (D:4)
  A phantom (D:5)
  2 necrophages (D:4)
  A scorpion (D:3)
  A howler monkey (D:4)
  6 hounds
  An orc priest (D:3)
  Crazy Yiuf (D:4)
  An iguana (D:5)
  An orc wizard (D:3)
  4 adders
  7 worms
  15 orcs
  8 endoplasms
  5 giant cockroaches
  6 goblins
  6 hobgoblins
  A jackal (D:4)
  9 quokkas
  7 ball pythons
  7 bats
  2 frilled lizards
  8 kobolds
  4 rats
109 creatures vanquished.

Notes
Turn   | Place    | Note
-------+----------+-------------------------------------------
     0 | D:1      | p00ps00p the Hill Orc Fighter began the quest for the Orb.
     0 | D:1      | Reached XP level 1. HP: 19/19 MP: 1/1
   170 | D:1      | Reached XP level 2. HP: 27/27 MP: 2/2
   536 | D:1      | Reached XP level 3. HP: 33/33 MP: 3/3
   832 | D:2      | Found Ymewof's Armour Emporium.
  1017 | D:2      | Identified the +6 whip of Summertime {freeze, Str+4}
  1329 | D:3      | Reached XP level 4. HP: 30/41 MP: 4/4
  1562 | D:3      | Noticed a scorpion
  1571 | D:3      | Killed a scorpion
  1572 | D:3      | Reached XP level 5. HP: 47/47 MP: 5/5
  1844 | D:3      | Found a faded altar of an unknown god.
  2333 | D:4      | Reached skill level 5 in Fighting
  2333 | D:4      | Reached XP level 6. HP: 54/56 MP: 6/6
  2375 | D:4      | Reached skill level 5 in Axes
  2489 | D:4      | Reached skill level 5 in Armour
  2489 | D:4      | Reached skill level 5 in Shields
  2489 | D:4      | Reached XP level 7. HP: 35/61 MP: 7/7
  2647 | D:4      | Noticed Eustachio
  2662 | D:4      | Killed Eustachio
  3385 | D:4      | Found a runed translucent door.
  3386 | D:4      | Noticed Crazy Yiuf
  3396 | D:4      | Killed Crazy Yiuf
  3525 | D:5      | Entered Level 5 of the Dungeon
  3544 | D:5      | Noticed Menkaure
  3554 | D:5      | Killed Menkaure
  3555 | D:5      | Reached XP level 8. HP: 45/71 MP: 8/8
  3960 | D:5      | Found a stormy altar of Qazlal.
  3961 | D:5      | Noticed a water elemental
  3961 | D:5      | Noticed an air elemental
  4056 | D:5      | Found a shadowy altar of Dithmenos.
  4224 | D:5      | Found a sacrificial altar of Ru.
  4387 | D:6      | Slain by an orc warrior

Illustrated notes

Levels and vault maps discovered:
D:1:      shiori_arrival_elements, layout_rooms
D:2:      layout_rooms, serial_shops, shop
D:3:      layout_basic, portal_sewer_entry_a, basic_ecumenical_altar,
          nicolae_eternal_life, st_stairs_14, minmay_splitting_lines
D:4:      minmay_octagon_keep, layout_cave_pools, st_stairs_8, uniq_eustachio,
          uniq_crazy_yiuf_cottage
D:5:      layout_rooms, nicolae_qazlal_style_of_elements,
          mainiacjoe_overflow_six_doors_small,
          mainiacjoe_overflow_concentric_impassable, nicolae_wormholes,
          uniq_menkaure
D:6:      layout_loops_corners, general_overflow_altar,
          minmay_temple_entry_mini_moons, kennysheep_generic_room_11,
          uniq_maggie

Skill      XL: |  1  2  3  4  5  6  7  8 |
---------------+-------------------------+-----
Axes           | 3 4 5 6 7 |  7.0
Fighting       | 4 5 6 7 |  7.0
Shields        | 4 5 6 |  6.3
Armour         | 4 5 6 |  6.4

Action                   |  1- 3 |  4- 6 |  7- 9 || total
-------------------------+-------+-------+-------++-------
Melee: War axe           |   113 |    98 |    24 ||   235
       Hand axe          |       |       |   157 ||   157
  Use: Scroll            |     5 |       |     2 ||     7
       Potion            |       |     1 |     1 ||     2
Armor: Scale mail        |    54 |    70 |    35 ||   159
       Chain mail        |       |       |    20 ||    20
Dodge: Dodged            |    53 |    67 |    61 ||   181
Block: Buckler           |    31 |    18 |    46 ||    95

Table legend: (Time is in decaauts)
 A = Elapsed time spent in this place.
 B = Non-inter-level travel time spent in this place.
 C = Inter-level travel time spent in this place.
 D = Time resting spent in this place.
 E = Time spent auto-exploring this place.
 F = Levels seen in this place.
 G = Mean time per level.
                   A        B        C        D        E       F      G
               +--------+--------+--------+--------+--------+-----+--------+
         Total |   4467 |   4229 |    238 |    650 |   2616 |   6 |  744.5 |
       Dungeon |   4467 |   4229 |    238 |    650 |   2616 |   6 |  744.5 |
               +--------+--------+--------+--------+--------+-----+--------+

Top non-repeatable levels by time:
     D:4: 1325 daAuts
     D:3: 1115 daAuts
     D:1: 841 daAuts
     D:5: 745 daAuts
     D:2: 427 daAuts
     D:6: 12 daAuts
